 Dungeon Crawl Stone Soup version 0.21.1-1-g345015fe64 (webtiles) character file.

62 Gargoyl the Skirmisher (level 3, -9/33 HPs)
             Began as a Centaur Abyssal Knight on Apr 30, 2018.
             Was a Believer of Lugonu.
             Mangled by Sigmund
             ... wielding a +0 scythe
              (13 damage)
             ... on level 2 of the Dungeon.
             The game lasted 00:03:23 (1182 turns).

Gargoyl the Skirmisher (Centaur Abyssal Knight)     Turns: 1182, Time: 00:03:24

Health: -9/33      AC:  5    Str: 14    XL:     3   Next: 85%
Magic:  4/4        EV:  6    Int: 16    God:    Lugonu [**....]
Gold:   61         SH:  6    Dex:  9    Spells: 2/2 levels left

rFire    . . .     SeeInvis .   a - +2 hand axe
rCold    . . .     Gourm    .   e - +0 shield
rNeg     . . .     Faith    .   b - +0 leather armour
rPois    +         Spirit   .   (no helmet)
rElec    .         Reflect  .   l - +0 cloak
rCorr    .         Harm     .   (no gloves)
MR       .....                  (no barding)
Stlth    ..........             (no amulet)
HPRegen  0.11/turn              i - ring of poison resistance
MPRegen  0.09/turn              (no ring)

@: brilliant, very quick
A: large, hooves 3, deformed body, speed 2, tough skin 3
a: Depart the Abyss, Bend Space, Renounce Religion


You were on level 2 of the Dungeon.
You worshipped Lugonu.
Lugonu was pleased with you.
You were not hungry.

You visited 1 branch of the dungeon, and saw 2 of its levels.
You visited the Abyss 1 time.

You collected 61 gold pieces.

Inventory:

Hand Weapons
 a - a +2 hand axe (weapon)
Missiles
 k - 4 tomahawks (quivered)
Armour
 b - a +0 leather armour (worn)
 e - a +0 shield (worn)
 l - a +0 cloak (worn)
Jewellery
 i - a ring of poison resistance (left hand)
 j - a cursed amulet of inaccuracy {unknown}
Scrolls
 d - a scroll of enchant weapon
 g - a scroll of remove curse
 h - a scroll of blinking
Comestibles
 c - 3 rations


   Skills:
 + Level 3.7 Fighting
 + Level 2.2 Axes
 * Level 1.8 Armour
 + Level 0.7 Dodging
 + Level 0.5 Shields
 * Level 2.6 Invocations


You had 2 spell levels left.
You didn't know any spells.

Dungeon Overview and Level Annotations

Branches:
Dungeon (2/15)

Altars:
Elyvilon

Annotations:
D:2 Sigmund


Innate Abilities, Weirdness & Mutations

You have hooves in place of feet.
Armour fits poorly on your strangely shaped body.
You cover ground very quickly.
You have extremely tough skin. (AC +3)


Message History

You kill the frilled lizard!
Lugonu accepts your kill.
You can now bend space around yourself.
Sigmund gestures at you while chanting. The magic dart hits you!
Sigmund hits you but does no damage.
You closely miss Sigmund. Your kick misses Sigmund.
Sigmund is heavily wounded.
You hit Sigmund. Your kick misses Sigmund.
Sigmund is heavily wounded.
Sigmund casts a spell.
Sigmund flickers and vanishes!
Deactivating autopickup; reactivate with Ctrl-A.
You block something's attack.
Unknown command.
You closely miss something. Something hits you but does no damage.
Unknown command.
You miss something. Something hits you!
* * * LOW HITPOINT WARNING * * *
Unknown command.
You closely miss something. Your kick misses something. Something hits you!
You die...

....# #.#...# (###...##
..#..# ........... #....#
......##...
#.>..#####[#..#..#.#.
#.......#..##..#.....
#####...#....#.....##...
#.....){)........#.##..#
#.#.#.#@#.#.#....#......
#.....$.....$...........
##...⌠.....⌠......##.....
#......._....)..........#
#....⌠.....⌠†..?.....#...
#.................#..#...
#..#.#.#.#.#?#...........
#....................##..
.........................


There were no monsters in sight!

Vanquished Creatures
  A small abomination (Abyss:2)
  An ooze (D:1)
  2 dart slugs (D:1)
  A leopard gecko (D:1)
  A ball python (D:1)
  A giant cockroach (D:1)
  2 goblins
  6 hobgoblins (D:1)
  10 bats
  4 frilled lizards
  9 kobolds
  6 rats
44 creatures vanquished.

Notes
Turn   | Place    | Note
-------+----------+-------------------------------------------
     0 | Abyss:1  | Gargoyl the Centaur Abyssal Knight began the quest for the Orb.
     0 | Abyss:1  | Reached XP level 1. HP: 19/19 MP: 2/2
    95 | Abyss:2  | Reached XP level 2. HP: 26/26 MP: 3/3
    96 | Abyss:2  | Noticed a small abomination
   141 | Abyss:3  | Noticed a long sword of holy wrath
   155 | Abyss:3  | Noticed a rust devil
   155 | Abyss:3  | Noticed a chaos spawn
   159 | Abyss:3  | Noticed a neqoxec
   160 | D:1      | Escaped the Abyss
   373 | D:1      | Reached * piety under Lugonu
   607 | D:1      | Reached XP level 3. HP: 31/31 MP: 4/4
  1157 | D:2      | Found a white marble altar of Elyvilon.
  1167 | D:2      | Noticed Sigmund
  1177 | D:2      | Reached ** piety under Lugonu
  1182 | D:2      | Mangled by Sigmund

Skill      XL: |  1  2 |
---------------+-------+-----
Axes           | 2 |  2.2
Fighting       | |  3.7
Armour         | |  1.8
Dodging        | |  0.7
Shields        | |  0.5
Invocations    | |  2.6

Action                   || total
-------------------------++-------
Melee: Hand axe          ||    98
       Kick              ||    15
Invok: Depart the Abyss  ||     1
Evoke: Box of beasts     ||     1
  Use: Scroll            ||     6
       Potion            ||     3
Armor: Leather armour    ||    58
Dodge: Dodged            ||    44
Block: Shield            ||    45
